 Dungeon Crawl Stone Soup version 0.25-a0-651-g8c222c7a2b (webtiles) character file.

Game seed: 14806370302068680203, levelgen mode: deterministic

249 Kohma the Firebug (level 5, -10/37 HPs)
             Began as a Demonspawn Fire Elementalist on Mar 22, 2020.
             Blown up by Ijyb (21 damage)
             ... with a disintegration bolt
             ... on level 3 of the Dungeon.
             The game lasted 00:10:25 (4460 turns).

Kohma the Firebug (Demonspawn Fire Elementalist)    Turns: 4460, Time: 00:10:25

Health: -10/37     AC:  9    Str:  8    XL:     5   Next: 86%
Magic:  0/8        EV: 13    Int: 18    God:
Gold:   184        SH:  0    Dex: 13    Spells: 3/8 levels left

rFire    . . .     SeeInvis .   a - +0 dagger (protect)
rCold    + . .     Gourm    .   (no shield)
rNeg     + . .     Faith    .   g - +2 robe {rN+}
rPois    .         Spirit   .   k - +2 helmet
rElec    .         Reflect  .   (no cloak)
rCorr    .         Harm     .   i - +1 pair of gloves
MR       .....                  (no boots)
Stlth    ++........             (no amulet)
HPRegen  0.12/turn              (no ring)
MPRegen  0.11/turn              (no ring)

@: very slightly contaminated
A: cold resistance 1, rot immunity
a: no special abilities


You were on level 3 of the Dungeon.
You were not hungry.

You visited 1 branch of the dungeon, and saw 3 of its levels.

You collected 184 gold pieces.

Inventory:

Hand Weapons
 a - a +0 dagger of protection (weapon)
Missiles
 e - 101 stones (quivered)
Armour
 g - a +2 robe of positive energy (worn)
 i - a +1 pair of gloves (worn)
 k - a +2 helmet (worn)
Jewellery
 l - an uncursed ring of ice {unknown}
Scrolls
 b - 2 scrolls of teleportation {unknown}
 d - 2 scrolls of fog {unknown}
 j - 4 scrolls of identify {unknown}
 m - 2 scrolls of remove curse {unknown}
 p - a scroll of amnesia {unknown}
 r - a scroll of blinking {unknown}
Potions
 h - a potion of stabbing {unknown}
 n - a potion of brilliance {unknown}
 o - a potion of magic {unknown}
Comestibles
 c - 7 rations
 f - 8 chunks of flesh


   Skills:
 - Level 1.0 Fighting
 - Level 3.0 Dodging
 - Level 3.0 Stealth
 + Level 2.2 Spellcasting
 + Level 2.8 Conjurations
 + Level 3.9 Fire Magic


You had 3 spell levels left.
You knew the following spells:

 Your Spells              Type           Power        Failure   Level  Hunger
a - Foxfire               Conj/Fire      ##..         4%          1    #......
b - Sticky Flame          Conj/Fire      ##......     41%         4    #####..

Your spell library contained the following spells:

 Spells                   Type           Power        Failure   Level  Hunger
 Conjure Flame            Conj/Fire      ##......     13%         3    ###....
 Inner Flame              Hex/Fire       #.......     24%         3    ###....
 Fireball                 Conj/Fire      ##........   77%         5    ######.


Dungeon Overview and Level Annotations

Branches:
Dungeon (3/15)

Altars:
Dithmenos
Okawaru
Sif Muna
Yredelemnul
Zin

Annotations:
D:3 Ijyb


Innate Abilities, Weirdness & Mutations

Your flesh is cold resistant. (rC+)
You are immune to rotting.


Message History

Ijyb is severely wounded.
Ijyb zaps a wand.
You are blasted!
The goblin shoots a stone.
The stone closely misses you.
Casting: Sticky Flame (quite dangerous; 41% risk of failure)
Confirm with . or Enter, or press ? or * to list all spells.
You conjure some foxfire!
Ijyb closely misses you.
The goblin shoots a stone.
The stone hits you but does no damage.
You barely miss Ijyb.
Ijyb is severely wounded.
The foxfire hits Ijyb but does no damage.
Ijyb is severely wounded.
The foxfire hits Ijyb but does no damage.
Ijyb is severely wounded.
Ijyb barely misses you.
The goblin shoots a stone.
The stone hits you.
* * * LOW HITPOINT WARNING * * *
You barely miss Ijyb.
Ijyb is severely wounded.
Ijyb zaps a wand.
You are blasted!
Ouch! That really hurt!
You die...

##≈≈ #...((
#≈≈#########..##'
##≈≈#..........#..
#...'..g.......#..
#.(.'(.........#..
#)..'((....÷)..#.g
#(≈≈#..........#..
##g≈≈#########..#..
#(@#≈≈≈..#...#..#..
##§##≈≈≈).'...'..##+
#..###≈≈..#..§#####
##.## #≈≈..#####...#
#..# #≈≈.)÷.......#
##.## #≈≈≈.........#
#..# ##≈≈≈≈≈≈≈≈≈≈≈≈≈
### #.##
##≈≈≈≈≈≈≈≈≈≈≈≈ ..##
###.# #############


You could see Ijyb and a goblin.

Vanquished Creatures
  An orc priest (D:3)
  2 orc wizards (D:3)
  5 adders (D:2)
  2 worms (D:2)
  4 leopard geckos
  7 orcs (D:3)
  A giant cockroach (D:3)
  15 goblins
  5 hobgoblins
  11 jackals
  4 kobolds
  2 quokkas
  A ball python (D:2)
  6 bats
  7 frilled lizards
  5 rats
78 creatures vanquished.

Vanquished Creatures (others)
  An orc wizard (D:3)
  192 foxfires
193 creatures vanquished.

Grand Total: 271 creatures vanquished

Notes
Turn   | Place    | Note
-------+----------+-------------------------------------------
     0 | D:1      | Kohma the Demonspawn Fire Elementalist began the quest for
                  | the Orb.
     0 | D:1      | Reached XP level 1. HP: 13/13 MP: 3/3
   601 | D:1      | Gained mutation: Your flesh is cold resistant. (rC+)
                  | [demonic ancestry]
   601 | D:1      | Reached XP level 2. HP: 20/20 MP: 3/5
  1221 | D:2      | Reached skill level 1 in Fighting
  1401 | D:2      | Reached XP level 3. HP: 26/26 MP: 4/6
  1640 | D:2      | Found a shadowy altar of Dithmenos.
  1640 | D:2      | Found a glowing silver altar of Zin.
  1640 | D:2      | Found an iron altar of Okawaru.
  1644 | D:2      | Found a basalt altar of Yredelemnul.
  2052 | D:2      | Gained mutation: You are immune to rotting. [demonic
                  | ancestry]
  2052 | D:2      | Reached XP level 4. HP: 32/32 MP: 5/7
  2159 | D:2      | Learned a level 4 spell: Sticky Flame
  2805 | D:2      | Found an iron altar of Okawaru.
  2805 | D:2      | Found a glowing silver altar of Zin.
  2806 | D:2      | Found a shadowy altar of Dithmenos.
  2808 | D:2      | Found a basalt altar of Yredelemnul.
  3207 | D:3      | Found a shimmering blue altar of Sif Muna.
  3625 | D:3      | Reached XP level 5. HP: 29/37 MP: 3/8
  4422 | D:3      | Noticed Ijyb
  4460 | D:3      | Blown up by Ijyb

Levels and vault maps discovered:
D:1:      ncdulo_lavacross, layout_basic, minmay_misc_feat_tower
D:2:      minmay_angry_zag, layout_basic, minitemple, first_ration
D:3:      kennysheep_goblin_castle, layout_rooms, bloody_trog,
          lemuel_crystal_altar, kennysheep_doodads

Skill      XL: |  1  2  3  4  5 |
---------------+----------------+-----
Stealth        | 2 3 |  3.0
Dodging        | 2 3 |  3.0
Fighting       | 1 |  1.0
Fire Magic     | 3 |  3.9
Conjurations   | 2 |  2.8
Spellcasting   | |  2.2

Action                   |  1- 3 |  4- 6 || total
-------------------------+-------+-------++-------
Melee: Short sword       |    27 |       ||    27
       Dagger            |    21 |    88 ||   109
 Cast: Foxfire           |    44 |    73 ||   117
  Use: Potion            |       |     1 ||     1
 Stab: Sleeping          |     3 |       ||     3
  Eat: Chunk             |     4 |     5 ||     9
       Ration            |       |     1 ||     1
Armor: Robe              |    27 |    55 ||    82
Dodge: Dodged            |    53 |    88 ||   141

Table legend:
 A = Non-vault XP
 B = Vault XP
 C = Vault XP percentage of total XP
 D = Non-vault monster count
 E = Vault monster count
 F = Vault count percentage of total count
                 A         B        C        D         E       F
            +---------+---------+-------+---------+---------+-------
      Total |     331 |      25 |   7.0 |      65 |      14 |  17.7
            +---------+---------+-------+---------+---------+-------
        D:1 |      24 |       0 |   0.0 |      14 |       0 |   0.0
        D:2 |     105 |       5 |   4.5 |      25 |       4 |  13.8
        D:3 |     202 |      20 |   9.0 |      26 |      10 |  27.8
            +---------+---------+-------+---------+---------+-------
